AoeStats
← THL

Arabia

507044754Analyzed
1v1 RM · 16d ago on Sep 16, 2026· 60m 26s· 2 players
Game mode
Random Map
Map size
Tiny (2 player)
Population
200
Speed
Normal
Resources
Standard
Victory
Conquest
Starting age
Dark Age
Ending age
Imperial Age
RankedLock teamsTeams togetherTeam positionsShared explorationLock speedFull tech treeHidden civsTurbo modeCheats
Victory
Defeat
🇧🇷 Malians · Brazil
1762
+18
🇻🇳 Tatars · Vietnam
1795
-18
uel
7:44 Loom
10:59 Feudal Age
11:29 Double-Bit Axe
11:46 Horse Collar
17:47 Fletching
22:43 Castle Age
21:06 Scale Barding Armor
21:49 Bloodlines
23:37 Bow Saw
24:19 Scale Mail Armor
24:57 Chain Barding Armor
26:42 Heavy Plow
27:32 Wheelbarrow
27:47 Forging
29:32 Gold Mining
34:11 Iron Casting
38:45 Husbandry
39:18 Town Watch
39:28 Light Cavalry
41:14 Hand Cart
46:00 Imperial Age
46:47 Farimba
46:44 Cavalier
49:48 Crop Rotation
50:10 Plate Barding Armor
51:15 Masonry
52:06 Chemistry
52:26 Conscription
52:25 Elite Skirmisher
53:14 Bodkin Arrow
53:19 Padded Archer Armor
54:55 Ballistics
55:03 Heavy Camel Rider
58:44 Thumb Ring
THL
6:26 Loom
9:03 Feudal Age
9:36 Double-Bit Axe
21:19 Castle Age
20:31 Fletching
20:23 Horse Collar
22:01 Bodkin Arrow
22:55 Elite Skirmisher
26:16 Bloodlines
26:08 Gold Mining
28:29 Husbandry
28:31 Padded Archer Armor
29:11 Wheelbarrow
29:20 Ballistics
36:28 Bow Saw
46:21 Silk Armor
52:01 Imperial Age
52:45 Bracer
53:47 Chemistry
52:12 Heavy Cavalry Archer
57:09 Leather Archer Armor
Connection lost

Rejoining the realm…

Still unreachable

The connection could not be restored.

Session expired

The server has moved on; the page needs a fresh start.